cohdb
Replays
Latest Replays
All Replays
Popular Replays
Top Player Replays
Match Explorer
How It Works
Community
CoH3 Stats
Reddit
Sign in to upload your games and track your stats! →
Sign in with Steam
Match 41718893
Unlisted
Match 41718893
Overview
Messages
Build Orders
End
Selects Special Operations Battlegroup
Selects M29 Weasel Recon Vehicle
M29 Weasel Recon Vehicle
Construct Barracks
Riflemen Squad
Riflemen Squad
Grenade Package
Construct Medical Station
Selects Raiding Flares
Infantry Support Center
Engineer Squad
Construct Weapon Support Center
M3 Armored Personnel Carrier
Raiding Flares
M1918 Browning Automatic Rifles
Forward Retreat Point
Selects SSF Commando Squad
SSF Commando Squad
Construct Tank Depot
Improved M9 Bazooka Rockets
Selects Mark Vehicle
Selects UNKNOWN (2162291)
impe72
Opuds8
오렌지플래닛
Deadlych910
엘비
SunBro
엔셀라
Unsafe
0
0
Comments
sign in to comment!
No comments posted yet!